 Dungeon Crawl Stone Soup version 0.25.0-1-g7eea58d (webtiles) character file.

Game seed: 16629441502798855578

35 auberdahn the Sneak (level 3, 0/19 HPs)
             Began as a Kobold Enchanter on June 17, 2020.
             Slain by a jackal (2 damage)
             ... on level 1 of the Dungeon.
             The game lasted 00:01:35 (1263 turns).

auberdahn the Sneak (Kobold Enchanter)              Turns: 1263, Time: 00:01:36

Health: 0/19       AC:  2    Str:  5    XL:     3   Next: 52%
Magic:  3/6        EV: 15    Int: 16    God:
Gold:   17         SH:  0    Dex: 16    Spells: 3/6 levels left

rFire    . . .     SeeInvis .   a - +1 dagger
rCold    . . .     Gourm    .   (shield restricted)
rNeg     . . .     Faith    .   b - +0 robe
rPois    .         Spirit   .   (no helmet)
rElec    .         Reflect  .   (no cloak)
rCorr    .         Harm     .   (no gloves)
MR       .....                  (no boots)
Stlth    +++.......             (no amulet)
HPRegen  0.06/turn              (no ring)
MPRegen  0.10/turn              (no ring)

@: no status effects
A: small, carnivore
a: no special abilities


You were on level 1 of the Dungeon.
You were full.

You visited 1 branch of the dungeon, and saw 1 of its levels.

You collected 17 gold pieces.

Inventory:

Hand Weapons
 a - a +1 dagger (weapon)
Missiles
 c - a throwing net (quivered) {!f}
Armour
 b - a +0 robe (worn)
Jewellery
 f - an uncursed ring of resist corrosion {unknown}
 g - a cursed -4 ring of evasion {unknown}
Potions
 e - 2 potions of curing {unknown}
Comestibles
 d - 2 rations {!d}


   Skills:
 + Level 2.3 Short Blades
 - Level 2.4 Dodging
 * Level 5.1 Stealth
 - Level 2.1 Spellcasting
 + Level 3.3 Hexes


You had 3 spell levels left.
You knew the following spells:

 Your Spells              Type           Power        Failure   Level  Hunger
a - Corona                Hex            ##.....      5%          1    #......
b - Ensorcelled Hibernat  Hex/Ice        #.....       16%         2    ###....

Your spell library contained the following spells:

 Spells                   Type           Power        Failure   Level  Hunger
 Confusing Touch          Hex            ##......     16%         3    ###....
 Tukima's Dance           Hex            ##......     16%         3    ###....
 Dazzling Flash           Conj/Hex       #.....       30%         3    ###....


Dungeon Overview and Level Annotations

Branches:
Dungeon (1/15)

Altars:


Innate Abilities, Weirdness & Mutations

You are small and have problems with some larger weapons.
You are carnivorous and can eat meat at any time.


Message History

The jackal bites you but does no damage.
The jackal closely misses you. x2
The jackal misses you. The jackal barely misses you.
The jackal barely misses you. The jackal bites you.
* * * LOW HITPOINT WARNING * * *
The jackal misses you. The jackal misses you. The jackal misses you.
The jackal barely misses you. The jackal closely misses you.
Casting: Ensorcelled Hibernation (safe; 16% risk of failure)
Confirm with . or Enter, or press ? or * to list all spells.
Aiming: Ensorcelled Hibernation (safe; 16% risk of failure)
Press: ? - help, Shift-Dir - straight line, f/p - jackal
Aim: a jackal (heavily wounded, chance to defeat MR: 56%)
The jackal resists with significant effort.
The jackal bites you.
You die...

###............##......##
#......##......##........
#......##......##........
##......##......##........
#...............''.....w..
#.......#.......##......#.
#......##...............#.
#..(...##.###...........#.
#......##@..............#)
#......hh#..............#.
#.......h#.##...w.......#.
#.............####......#.
#........#...###..........
###.........##.#...######.##
#..........).....###..).....
#.......#......###...###...#
#.......#.##.###...####.....


You could see a dart slug and 3 jackals.

Vanquished Creatures
  A gnoll (D:1)
  An ooze (D:1)
  3 leopard geckos (D:1)
  3 bats (D:1)
  2 goblins (D:1)
  3 hobgoblins (D:1)
  2 kobolds (D:1)
  3 rats (D:1)
18 creatures vanquished.

Notes
Turn   | Place    | Note
-------+----------+-------------------------------------------
     0 | D:1      | auberdahn the Kobold Enchanter began the quest for the Orb.
     0 | D:1      | Reached XP level 1. HP: 10/10 MP: 3/3
    79 | D:1      | Reached XP level 2. HP: 2/15 MP: 5/5
   442 | D:1      | Learned a level 2 spell: Ensorcelled Hibernation
   859 | D:1      | Reached skill level 5 in Stealth
   859 | D:1      | Reached XP level 3. HP: 19/19 MP: 1/6
  1263 | D:1      | Slain by a jackal

Illustrated notes

Levels and vault maps discovered:
D:1:      dpeg_arrival_central, layout_basic

Skill      XL: |  1  2 |
---------------+-------+-----
Short Blades   | 2 |  2.3
Stealth        | 5 |  5.1
Dodging        | |  2.4
Spellcasting   | |  2.1
Hexes          | |  3.3

Action                   || total
-------------------------++-------
Melee: Dagger            ||    79
 Cast: Ensorcelled Hiber ||     7
 Stab: Sleeping          ||    11
  Eat: Chunk             ||     6
Armor: Robe              ||    13
Dodge: Dodged            ||    73
